Map: Романтицид РВ

Players

Bahri

  • Race: Protoss Protoss

Zilord

  • Race: Protoss Protoss
  • League: Diamond

Dellan

  • Race: Terran Terran
  • Spawn Location: 5:00

Kantara

  • Race: Terran Terran
  • League: Diamond
  • Spawn Location: 11:00

VOD

Have the link to the VOD?

Description

Time

  • Played on: Oct. 22, 2020, 4:05 p.m.
  • Length: 14:00
Show
View Real Time Build Order
Export as new Build Order

Bahri Protoss 

Build Orders:  

Get SALT Encoding   

Show
View Real Time Build Order
Export as new Build Order

Zilord Protoss 

Build Orders:  

Get SALT Encoding   

Show
View Real Time Build Order
Export as new Build Order

Dellan Terran 

Build Orders:  

Get SALT Encoding   

  12  0:04  Probe  
  13  0:42  Probe (Chrono Boost)  
  14  1:03  Pylon  
  10  1:46  Probe  
  5  2:40  Probe (Chrono Boost)  
  4  2:49  Probe (Chrono Boost)  
  5  3:07  Probe (Chrono Boost)  
  6  3:17  Probe (Chrono Boost)  
  7  3:22  Probe (Chrono Boost)  
  8  3:40  Gateway  
  8  3:45  Probe (Chrono Boost)  
  10  3:56  Probe (Chrono Boost)  
  10  4:01  Probe (Chrono Boost)  
  11  4:11  Probe (Chrono Boost)  
  12  4:23  Probe (Chrono Boost)  
  13  4:30  Cybernetics Core  
  13  4:31  Probe (Chrono Boost)  
  14  4:41  Assimilator  
  14  4:45  Probe  
  15  4:57  Probe  
  16  5:10  Pylon  
  16  5:15  Adept  
  16  5:20  Probe (Chrono Boost)  
  19  5:26  Assimilator  
  19  5:30  Probe (Chrono Boost)  
  19  5:35  Probe (Chrono Boost)  
  20  5:40  Warp Gate (Chrono Boost)  
  21  5:46  Probe  
  22  5:52  Stalker  
  24  5:59  Probe  
  25  6:11  Probe  
  26  6:22  Stargate  
  26  6:23  Probe  
  27  6:39  Pylon  
  27  6:56  Nexus  
  27  6:59  Probe  
  28  7:05  Oracle  
  31  7:11  Probe  
  32  7:17  Gateway  
  32  7:27  Gateway  
  32  7:34  Gateway  
  32  7:44  Stalker  
  34  7:53  Oracle (Chrono Boost)  
  36  8:12  Twilight Council, Probe x2  
  38  8:24  Probe x2  
  40  8:30  Stalker  
  42  8:36  Stalker, Probe  
  42  8:39  Probe  
  45  8:49  Pylon  
  45  8:59  Oracle (Chrono Boost)  
  48  9:09  Stalker x2  
  49  9:10  Stalker  
  48  9:31  Stalker  
  50  9:38  Stalker x2  
  50  9:39  Probe  
  55  9:51  Oracle, Probe  
  59  10:04  Charge (Chrono Boost)  
  59  10:10  Assimilator  
  59  10:12  Assimilator  
  59  10:13  Probe  
  59  10:14  Probe  
  58  10:25  Probe  
  58  10:26  Probe  
  60  10:38  Probe x2  
  62  10:50  Nexus  
  62  10:55  Pylon  
  62  10:58  Pylon  
  62  11:08  Templar Archives  
  61  11:11  Probe x2  
  61  11:23  Forge, Probe x2  
  63  11:26  Gateway  
  63  11:27  Gateway, Blink (Chrono Boost)  
  63  11:34  Psionic Storm  
  63  11:35  Probe x2  
  65  11:46  High Templar x2  
  69  11:47  Probe x2  
  71  11:57  Pylon  
  71  11:59  Probe x2  
  73  12:14  Fleet Beacon  
  73  12:15  High Templar  
  73  12:16  Zealot  
  73  12:21  Probe  
  78  12:25  Probe x2  
  78  12:28  Assimilator  
  80  12:33  Probe  
  81  12:37  Probe  
  81  12:42  Forge  
  78  12:45  Probe  
  78  12:50  Zealot x2  
  78  12:51  Zealot  
  77  12:57  Probe  
  75  13:00  Tempest (Chrono Boost)  
  80  13:09  Stalker x3, Probe  
  87  13:16  Probe x2  
  89  13:21  Probe  
  89  13:26  Pylon  
  90  13:28  Pylon, Probe  
  93  13:47  Pylon x3  
Show
View Real Time Build Order
Export as new Build Order

Kantara Terran 

Build Orders: Reaper Expand 

Get SALT Encoding   

  12  0:00  SCV  
  13  0:35  SCV  
  14  0:47  SCV  
  14  1:19  Supply Depot  
  6  1:28  SCV  
  7  1:40  SCV  
  8  1:52  SCV  
  9  2:05  SCV  
  10  2:17  SCV  
  9  2:29  SCV  
  5  2:52  SCV  
  6  3:04  SCV  
  7  3:22  Supply Depot  
  7  3:27  SCV  
  8  3:39  SCV  
  9  3:58  Barracks  
  9  4:08  Refinery  
  9  4:14  SCV  
  10  4:26  SCV  
  11  4:39  SCV  
  12  4:51  SCV  
  14  4:52  Reaper  
  14  5:03  SCV  
  15  5:15  SCV  
  16  5:25  Reaper  
  17  5:32  SCV  
  18  5:45  Orbital Command  
  19  6:00  Marine  
  19  6:19  Marine  
  19  6:21  Command Center  
  20  6:29  Factory  
  20  6:47  Barracks Tech Lab  
  20  6:49  SCV  
  21  6:56  Refinery  
  21  7:00  Supply Depot  
  21  7:01  SCV  
  22  7:17  SCV  
  23  7:29  SCV  
  24  7:32  Cyclone  
  27  7:41  SCV  
  28  7:47  Starport  
  28  7:50  Orbital Command  
  28  7:51  Barracks  
  28  7:52  Barracks  
  28  7:53  SCV  
  29  8:02  Supply Depot  
  27  8:05  SCV  
  27  8:07  Engineering Bay  
  28  8:18  SCV  
  28  8:19  Siege Tank  
  30  8:30  SCV  
  27  8:48  Barracks Tech Lab  
  27  8:49  Barracks Tech Lab  
  27  8:53  SCV x2  
  28  9:05  SCV x2  
  23  9:22  SCV x2  
  21  9:34  SCV x2  
  21  9:38  Marauder  
  24  9:46  SCV  
  24  9:58  SCV  
  23  10:26  Stimpack  
  23  10:27  Marine  
  23  10:28  Marine x2  
  26  10:36  SCV  
  27  10:48  Cyclone, SCV  
  31  11:00  SCV  
  31  11:01  Supply Depot, Marine  
  31  11:02  Marine  
  33  11:10  Combat Shield  
  30  11:12  SCV  
  30  11:15  Marine  
  32  11:24  SCV  
  33  11:28  Marine  
  33  11:29  Marine  
  35  11:32  Marine  
  35  11:36  SCV  
  37  11:48  SCV  
  37  11:50  Marine  
  37  11:52  Siege Tank  
  42  12:26  Marine x3  
  45  12:43  Marine  
  45  12:44  Marine x2  
  46  13:01  Marine  
  47  13:25  Marine x2  
  47  13:26  Marine  
  47  13:27  SCV  
  25  13:39  SCV  
Tags
 
Add a new tag
Caveats
  • Supply blocks, unpowered buildings, or Contaminate may cause inaccurate times.
  • Supply counts are checked every 10 seconds.